 Dungeon Crawl Stone Soup version 0.30.0-16-gbe6223bb7e (webtiles) character file.

Game seed: 9705907356425432138

53251 SleepySteel the Envoy of Void (level 14, -4/113 HPs)
             Began as a Demonspawn Gladiator on May 20, 2023.
             Was a High Priest of Lugonu.
             Slain by a bunyip (28 damage)
             ... on level 3 of the Lair of Beasts.
             The game lasted 01:06:22 (17339 turns).

SleepySteel the Envoy of Void (DsGl)               Turns: 17339, Time: 01:06:23

Health: -4/113     AC: 17    Str: 14    XL:     14   Next: 30%
Magic:  24/24      EV: 18    Int: 14    God:    Lugonu [*****.]
Gold:   700        SH:  5    Dex: 25    Spells: 14/27 levels left

rFire   . . .        a - +1 triple sword (vamp)
rCold   . . .        (shield currently unavailable)
rNeg    . . .        z - +1 leather armour "Henempe" {Int+3 Dex+6}
rPois   +            (helmet unavailable)
rElec   .            x - +1 cloak
rCorr   .            k - +1 pair of gloves
SInv    .            v - +1 pair of boots
Will    +....        h - amulet of reflection
Stlth   ++           l - +4 ring of protection
HPRegen 0.38/turn    D - ring of poison resistance
MPRegen 0.19/turn

%: reflection
@: slowed, studying Maces & Flails, very slow
A: horns 3, thin metallic scales 2, powered by death 1, spiny 1, corrupting
presence 1, sense surroundings 1
a: Renounce Religion, Depart the Abyss, Banish, Corrupt, Enter the Abyss


You were on level 3 of the Lair of Beasts.
You worshipped Lugonu.
Lugonu was extremely pleased with you.
You visited 5 branches of the dungeon, and saw 20 of its levels.

You collected 1536 gold pieces.
You spent 836 gold pieces at shops.

Inventory:

Hand Weapons
 a - a +1 vampiric triple sword (weapon)
 d - a +0 quarterstaff
Missiles
 c - 10 boomerangs
 n - a curare-tipped dart
 r - a throwing net
 Y - 27 poisoned darts
Armour
 k - a +1 pair of gloves (worn)
 v - a +1 pair of boots (worn)
 x - a +1 cloak (worn)
 z - the +1 leather armour "Henempe" (worn) {Int+3 Dex+6}
   (You found it on level 4 of the Dungeon)

   Int:       It affects your intelligence (+3).
   Dex:       It affects your dexterity (+6).
 U - a +2 robe of resistance
Jewellery
 h - an amulet of reflection (around neck)
 l - a +4 ring of protection (left hand)
 y - the ring of Arrival {rC+ Will- Str+7 Int+6}
   (You found it on level 10 of the Dungeon)

   [ring of intelligence]

   Str:       It affects your strength (+7).
   Int:       It affects your intelligence (+6).
   rC:        It protects you from cold.
   Will:      It decreases your willpower.
 C - a ring of see invisible
 D - a ring of poison resistance (right hand)
 K - a ring of flight
Wands
 g - a wand of acid (14)
 m - a wand of digging (3)
 E - a wand of roots (15)
 F - a wand of flame (23)
 L - a wand of polymorph (13)
 V - a wand of charming (1)
Scrolls
 b - 3 scrolls of blinking
 e - 2 scrolls of magic mapping
 j - 3 scrolls of poison
 B - 5 scrolls of teleportation
 I - 2 scrolls of fear
 J - a scroll of summoning
 N - 4 scrolls of identify
 O - a scroll of enchant armour
 R - a scroll of brand weapon
 S - 2 scrolls of immolation
 Z - a scroll of fog
Potions
 f - a potion of cancellation
 i - 3 potions of curing
 o - 3 potions of degeneration
 p - 3 potions of lignification
 q - 3 potions of ambrosia
 s - 3 potions of might
 u - 6 potions of brilliance
 w - 6 potions of attraction
 G - 3 potions of flight
 P - 6 potions of heal wounds
 T - a potion of berserk rage
 W - a potion of magic
Miscellaneous
 H - a box of beasts
 M - a phantom mirror
 Q - a condenser vane
 X - a lightning rod (4/4)


   Skills:
 - Level 11.0 Fighting
 - Level 9.0 Long Blades
 - Level 5.0 Staves
 - Level 1.7 Throwing
 - Level 7.6 Dodging
 - Level 7.0 Spellcasting
 - Level 4.0 Conjurations
 - Level 9.0 Air Magic
 - Level 4.0 Earth Magic
 * Level 14.6 Invocations
 - Level 7.0 Evocations


You had 14 spell levels left.
You knew the following spells:

 Your Spells              Type           Power      Damage    Failure   Level
a - Iron Shot             Conj/Erth      8%         9d3       99%         6
b - Blink                 Tloc           8%         N/A       26%         2
c - Sandblast             Erth           32%        2d9       3%          1
d - Airstrike             Air            15%        2d(3-19)  4%          4

Your spell library contained the following spells:

 Spells                   Type           Power      Damage    Failure   Level
 Static Discharge         Conj/Air       46%        2-4/arc   1%          2
 Momentum Strike          Conj/Tloc      20%        3d8       12%         2
 Summon Small Mammal      Summ           16%        N/A       19%         1
 Lesser Beckoning         Tloc           8%         N/A       26%         2
 Summon Lightning Spire   Summ/Air       17%        N/A       28%         4
 Call Canine Familiar     Summ           4%         N/A       47%         3
 Ozocubu's Armour         Ice            4%         N/A       47%         3
 Summon Guardian Golem    Hex/Summ       4%         N/A       47%         3
 Animate Armour           Summ/Erth      20%        N/A       61%         4
 Manifold Assault         Tloc           4%         N/A       87%         4
 Blade Hands              Tmut           2%         N/A       99%         5
 Ozocubu's Refrigeration  Ice            2%         4d7       100%        7
 Storm Form               Tmut/Air       8%         N/A       100%        7


Dungeon Overview and Level Annotations

Branches:
Dungeon (11/15)            Temple (1/1) D:4            Lair (5/5) D:9
  Swamp (1/4) Lair:3       Spider (0/4) Lair:2        Slime (0/5) Lair:5
    Orc (2/2) D:10            Elf (0/3) Orc:2

Altars:
Ashenzari
Cheibriados
Dithmenos
Fedhas
Gozag
Hepliaklqana
Kikubaaqudgha
Makhleb
Nemelex Xobeh
Okawaru
Qazlal
Ru
Sif Muna
Trog
Uskayaw
Vehumet
Wu Jian
Xom
Yredelemnul
Lugonu

Shops:
D:5 *   D:6 *   D:8 :   Orc:1 =   Orc:2 ?

Portals:
Trove: D:10 (give 16 potions of curing)

Annotations:
Abyss:1 Dowan, Duvessa, Ijyb, Josephine, Maggie, Menkaure, Pikel


Innate Abilities, Weirdness & Mutations

You have a pair of large horns on your head.
You are mostly covered in thin metallic scales. (AC +3)
You regenerate a little health from kills.
You are partially covered in sharp spines.
Your presence sometimes corrodes those you injure.
You passively map a small area around you.


Message History

You block the bunyip's attack.
The spriggan rider throws a curare-tipped dart.
The curare-tipped dart misses you.
The spriggan rider throws a curare-tipped dart.
The curare-tipped dart hits you.
You are poisoned.
You have difficulty breathing.
You feel yourself slow down.
There is a staircase back to the Lair here.
Unknown command.
You feel very sick. A root smacks you from below!
A tree reaches out and hits you!
You climb upwards.
Welcome back to the Lair of Beasts!
You feel very sick.
There is a staircase to the Swamp here.
Unknown command.
Unknown command.
You hit the bunyip.
The bunyip is heavily wounded.
You feel very sick. The bunyip claws you!
* * * LOW HITPOINT WARNING * * *
The bunyip barely misses you. The bunyip closely misses you.
Press: ? - help, v - describe, . - travel
Here: a bunyip (heavily wounded) Some shallow water.
You feel much better.
You feel sick.
You slash the bunyip!
You feel better.
The bunyip is severely wounded.
You feel very sick. The bunyip is struck by your spines. The bunyip claws you.
The bunyip claws you!
* * * LOW HITPOINT WARNING * * *
You block the bunyip's attack.
Unknown command.
You closely miss the bunyip.
The bunyip is almost dead.
You feel sick.
You are no longer poisoned.
The bunyip closely misses you. The bunyip claws you!!
You die...

##.......................####
###.....<...................##.
#P.............................
###..............................
#................................
.................................
..........##.§§§§~...####........
.........P###§§§§§~..# #........
.........## #.~♣@x~..# ##.#......
.......######.~~~♣~..# #.........
......## #....♣♣~§..# ##........
.......# ##..)....#.###..####...
.......######....#..###...# ##..
....#...#.# #.##.####P..### ##.
...####...######.# ##...# #..
...# ###..P#.#### #..#.# ### ####
##...## ##.#### #


You could see a bunyip.

Vanquished Creatures
  2 catoblepae
  Erica (D:8)
  2 two-headed ogres
  A deep troll shaman (Lair:5)
  3 death yaks (Lair:5)
  A skyshark (Lair:4)
  An orb spider (Lair:2)
  A bog body (Lair:3)
  2 lindwurms (Lair:5)
  An orc knight (Orc:1)
  Maurice (D:10)
  13 elephants
  4 black mambas
  Joseph (D:8)
  10 cane toads
  5 komodo dragons
  Psyche (D:10)
  2 trolls
  2 polar bears
  A tyrant leech (Swamp:1)
  25 blink frogs
  Grinder (D:6)
  7 slime creatures
  Sigmund (D:4)
  4 wraiths (D:10)
  41 yaks
  A shadow (D:10)
  7 wyverns
  4 basilisks
  A vampire mosquito (D:8)
  Grum (D:8)
  3 steam dragons
  A warg (Orc:2)
  An acid dragon (D:10)
  A swamp worm (Swamp:1)
  21 water moccasins
  2 sky beasts
  2 ice beasts
  A black bear (Lair:5)
  15 orc warriors
  3 ogres
  21 wolves
  6 centaurs
  4 lemures (D:4)
  A phantom (D:6)
  2 kobold brigands (D:8)
  5 bullfrogs
  2 gnoll sergeants
  4 scorpions
  13 wights
  11 killer bees
  8 howler monkeys
  7 orc priests
  4 jellies
  A gnoll bouda (D:7)
  3 hounds
  6 sleepcaps
  Terence (D:2)
  Jessica (D:2)
  An iguana (D:5)
  19 orc wizards
  12 gnolls
  Robin (D:2)
  12 adders
  A shadow imp (D:7)
  3 white imps
  A worm (D:3)
  6 dart slugs
  46 orcs
  10 ball pythons
  14 endoplasms
  6 giant cockroaches
  15 goblins
  11 hobgoblins
  3 jackals (D:3)
  10 bats
  6 frilled lizards
  8 kobolds
  9 rats
492 creatures vanquished.

Vanquished Creatures (others)
  A bloated husk (Swamp:1)
  A hobgoblin (D:4)
  A goblin (D:4)
3 creatures vanquished.

Grand Total: 495 creatures vanquished

Notes
Turn   | Place    | Note
-------+----------+-------------------------------------------
     0 | D:1      | SleepySteel the Demonspawn Gladiator began the quest for
                  | the Orb.
     0 | D:1      | Reached XP level 1. HP: 16/16 MP: 1/1
   111 | D:1      | Gained mutation: You are partially covered in thin metallic
                  | scales. (AC +2) [demonic ancestry]
   111 | D:1      | Reached XP level 2. HP: 21/23 MP: 2/2
   410 | D:1      | Gained mutation: You are partially covered in sharp spines.
                  | [demonic ancestry]
   410 | D:1      | Reached XP level 3. HP: 29/29 MP: 3/3
   423 | D:1      | Found a faded altar of an unknown god.
   440 | D:1      | Prayed at the altar of an unknown god.
   440 | D:1      | Became a worshipper of Lugonu the Unformed
   440 | D:1      | Reached * piety under Lugonu
   865 | D:2      | Noticed Terence
   878 | D:2      | Killed Terence
  1007 | D:2      | Gained mutation: You are mostly covered in thin metallic
                  | scales. (AC +3) [demonic ancestry]
  1007 | D:2      | Reached XP level 4. HP: 37/38 MP: 4/4
  1080 | D:2      | Noticed Jessica
  1086 | D:2      | Killed Jessica
  1272 | D:2      | Noticed Robin
  1279 | D:2      | Reached ** piety under Lugonu
  1280 | D:2      | Reached skill level 5 in Fighting
  1358 | D:2      | Reached skill level 1 in Invocations
  1370 | D:2      | Killed Robin
  1381 | D:2      | Gained mutation: You have a pair of small horns on your
                  | head. [demonic ancestry]
  1381 | D:2      | Reached XP level 5. HP: 44/44 MP: 6/6
  1655 | D:3      | Reached skill level 2 in Invocations
  1708 | D:3      | Identified the staff of air "Liwuj" {Drain rElec rPois
                  | Str+6 Int+4}
  1748 | D:3      | Reached skill level 3 in Invocations
  1894 | D:3      | Reached *** piety under Lugonu
  1960 | D:3      | Reached skill level 4 in Invocations
  2185 | D:3      | Found a hazy altar of Hepliaklqana.
  2196 | D:3      | Found a hide-covered altar of Uskayaw.
  2196 | D:3      | Found an iron altar of Okawaru.
  2198 | D:3      | Found a burning altar of Makhleb.
  2198 | D:3      | Found a shimmering altar of Xom.
  2335 | D:4      | Reached skill level 5 in Invocations
  2335 | D:4      | Reached skill level 1 in Staves
  2335 | D:4      | Gained mutation: You have a pair of horns on your head.
                  | [demonic ancestry]
  2335 | D:4      | Reached XP level 6. HP: 51/51 MP: 9/9
  2372 | D:4      | Noticed Sigmund
  2387 | D:4      | Killed Sigmund
  2572 | D:4      | Noticed Pikel
  2730 | D:4      | Banished Pikel
  2731 | D:4      | Reached skill level 5 in Staves
  2731 | D:4      | Reached XP level 7. HP: 56/56 MP: 5/10
  2846 | D:4      | Found a staircase to the Ecumenical Temple.
  2851 | Temple   | Entered the Ecumenical Temple
  3003 | D:4      | Identified the +1 leather armour "Henempe" {Int+3 Dex+6}
  3077 | D:4      | Noticed Ijyb
  3109 | D:4      | Banished Ijyb
  3195 | D:4      | Reached XP level 8. HP: 62/62 MP: 11/11
  3284 | D:4      | Found a blossoming altar of Fedhas.
  3287 | D:4      | Found a shimmering blue altar of Sif Muna.
  3350 | D:4      | Noticed Dowan
  3352 | D:4      | Noticed Duvessa
  3357 | D:4      | Banished Duvessa
  3359 | D:4      | Banished Dowan
  3609 | D:5      | Entered Level 5 of the Dungeon
  3703 | D:5      | Found Anurgh's Elemental Accessories.
  3720 | D:5      | Bought the Quarto of the Crater for 252 gold pieces
  3888 | D:5      | Reached skill level 5 in Air Magic
  3985 | D:5      | Learned a level 6 spell: Iron Shot
  3999 | D:5      | Noticed Menkaure
  4002 | D:5      | Banished Menkaure
  4256 | D:5      | Found a hide-covered altar of Uskayaw.
  4257 | D:5      | Found a stormy altar of Qazlal.
  4371 | D:5      | Reached skill level 1 in Conjurations
  4371 | D:5      | Reached skill level 1 in Earth Magic
  4575 | D:6      | Gained mutation: You have a pair of large horns on your
                  | head. [demonic ancestry]
  4575 | D:6      | Reached XP level 9. HP: 39/68 MP: 15/15
  4661 | D:6      | Noticed Maggie
  4663 | D:6      | Banished Maggie
  4819 | D:6      | Noticed Grinder
  4827 | D:6      | Killed Grinder
  4907 | D:6      | Learned a level 2 spell: Blink
  4909 | D:6      | Learned a level 1 spell: Sandblast
  5571 | D:6      | Found Festro Iguink's General Store.
  5761 | D:7      | Identified the +7 quarterstaff of Queggyir {heavy, rF++
                  | Stlth-}
  6025 | D:7      | Reached **** piety under Lugonu
  6804 | D:8      | Noticed Joseph
  6868 | D:8      | Noticed a komodo dragon
  6874 | D:8      | Killed a komodo dragon
  6875 | D:8      | Reached skill level 5 in Dodging
  6875 | D:8      | Reached XP level 10. HP: 60/79 MP: 16/16
  6993 | D:8      | Noticed an eight-headed hydra
  6995 | D:8      | Noticed a white ugly thing
  6997 | D:8      | Noticed a two-headed ogre
  7010 | D:8      | Banished an eight-headed hydra
  7011 | D:8      | Reached skill level 6 in Invocations
  7014 | D:8      | Banished a two-headed ogre
  7015 | D:8      | Reached skill level 8 in Invocations
  7047 | D:8      | Noticed an eight-headed hydra
  7064 | D:7      | Banished an eight-headed hydra
  7065 | D:7      | Reached skill level 9 in Invocations
  7227 | D:8      | Reached skill level 10 in Invocations
  7302 | D:8      | Noticed Grum
  7311 | D:8      | Noticed a gargoyle
  7315 | D:8      | Banished a gargoyle
  7315 | D:8      | HP: 3/79 [Grum/+0 spear (12)]
  7316 | D:8      | Reached skill level 11 in Invocations
  7316 | D:8      | Gained mutation: You regenerate a little health from kills.
                  | [demonic ancestry]
  7316 | D:8      | Reached XP level 11. HP: 3/84 MP: 6/19
  7333 | D:8      | Killed Grum
  7387 | D:8      | Banished a green ugly thing
  7534 | D:8      | Noticed Erica
  7547 | D:8      | Killed Erica
  7768 | D:8      | Found Qupramm's Self-Improvement Boutique.
  7889 | D:8      | Killed Joseph
  8125 | D:8      | Found an ancient bone altar of Kikubaaqudgha.
  8654 | D:9      | Reached skill level 5 in Long Blades
  9125 | D:9      | Found a staircase to the Lair.
  9303 | D:10     | Entered Level 10 of the Dungeon
  9322 | D:10     | Found a staircase to the Orcish Mines.
  9326 | Orc:1    | Entered Level 1 of the Orcish Mines
  9326 | Orc:1    | Noticed a two-headed ogre
  9336 | Orc:1    | Noticed an orc knight
  9346 | Orc:1    | Killed an orc knight
  9404 | Orc:1    | Killed a two-headed ogre
  9405 | Orc:1    | Reached XP level 12. HP: 93/95 MP: 20/20
  9494 | Orc:1    | Noticed an ettin
  9501 | Orc:1    | Banished an ettin
  9578 | Orc:1    | Found Dahanoth's Jewellery Shop.
  9587 | Orc:2    | Entered Level 2 of the Orcish Mines
  9587 | Orc:2    | Found Ucoxzep's Magic Scroll Shoppe.
  9596 | Orc:2    | Bought a scroll of silence for 123 gold pieces
  9596 | Orc:2    | Bought a scroll of enchant weapon for 97 gold pieces
  9620 | Orc:1    | Gained mutation: Armour fits poorly on your strangely
                  | shaped body. [potion of mutation]
  9620 | Orc:1    | Gained mutation: Your spells are a little harder to cast,
                  | but a little more powerful. [potion of mutation]
  9621 | Orc:1    | Lost mutation: Armour fits poorly on your strangely shaped
                  | body. [potion of mutation]
  9621 | Orc:1    | Lost mutation: Your spells are a little harder to cast, but
                  | a little more powerful. [potion of mutation]
  9621 | Orc:1    | Gained mutation: You have large cloven feet. [potion of
                  | mutation]
  9621 | Orc:1    | Gained mutation: You passively map a small area around you.
                  | [potion of mutation]
  9622 | Orc:1    | Lost mutation: You have large cloven feet. [potion of
                  | mutation]
  9622 | Orc:1    | Lost mutation: You passively map a small area around you.
                  | [potion of mutation]
  9622 | Orc:1    | Gained mutation: Your magical capacity is low. (-10% MP)
                  | [potion of mutation]
  9622 | Orc:1    | Gained mutation: You passively map a small area around you.
                  | [potion of mutation]
  9623 | Orc:1    | Lost mutation: Your magical capacity is low. (-10% MP)
                  | [potion of mutation]
  9623 | Orc:1    | Lost mutation: You passively map a small area around you.
                  | [potion of mutation]
  9623 | Orc:1    | Gained mutation: You passively map a small area around you.
                  | [potion of mutation]
  9926 | Orc:2    | Found a staircase to the Elven Halls.
 10392 | D:6      | Bought a book of Storms for 364 gold pieces
 10399 | D:6      | Learned a level 4 spell: Airstrike
 10491 | D:10     | Noticed Psyche
 10493 | D:10     | Noticed a two-headed ogre
 10505 | D:10     | Killed a two-headed ogre
 10506 | D:10     | Reached skill level 10 in Fighting
 10510 | D:10     | Killed Psyche
 10663 | D:10     | Noticed Josephine
 10664 | D:10     | Banished Josephine
 10799 | D:10     | Found a shadowy altar of Dithmenos.
 10964 | D:10     | Noticed Maurice
 10973 | D:10     | Killed Maurice
 11025 | D:10     | Found a portal to a secret trove of treasure.
 11135 | D:10     | Identified the ring of Arrival {rC+ Will- Str+7 Int+6}
 11232 | D:11     | Noticed a two-headed ogre
 11281 | Lair:1   | Entered Level 1 of the Lair of Beasts
 11721 | Lair:1   | Reached ***** piety under Lugonu
 11932 | Lair:1   | Reached skill level 5 in Spellcasting
 12685 | Lair:2   | Gained mutation: Your presence sometimes corrodes those you
                  | injure. [demonic ancestry]
 12685 | Lair:2   | Reached XP level 13. HP: 101/106 MP: 21/21
 12920 | Lair:2   | Found a hole to the Spider Nest.
 13488 | Lair:3   | Found a staircase to the Swamp.
 14342 | Lair:4   | You fall into a shaft and drop 1 floor!
 14342 | Lair:5   | Entered Level 5 of the Lair of Beasts
 14598 | Lair:4   | Reached skill level 1 in Evocations
 14811 | Lair:4   | Identified the +0 trident of the Gloaming {elec, rC+ rN+}
 15533 | Lair:5   | Found the +15 Maxwell's patent armour {-Cast -Tele rElec
                  | Will+ rCorr}
 15586 | Lair:5   | Found a staircase to the Slime Pits.
 15620 | Lair:5   | Reached skill level 5 in Evocations
 16161 | Lair:5   | Reached skill level 12 in Invocations
 16279 | Lair:5   | Reached XP level 14. HP: 103/113 MP: 24/24
 16684 | Lair:5   | Reached skill level 13 in Invocations
 16935 | Lair:5   | Reached skill level 14 in Invocations
 16971 | Lair:5   | Identified the +9 short sword "Atug Wim" {flame, rPois
                  | rCorr Dex+4}
 17226 | Swamp:1  | Entered Level 1 of the Swamp
 17339 | Lair:3   | Slain by a bunyip

Illustrated notes

Levels and vault maps discovered:
D:1:      minmay_arrival_shoal_huts, layout_basic,
          hellmonk_ecumenical_altar_slurped_away, minmay_bisected
D:2:      layout_basic, uniq_robin, uniq_terence, uniq_jessica
D:3:      minmay_chambers_of_threes, layout_rooms, doesnt_xom_only_xom,
          mrwooster_statue_mirror
D:4:      layout_loops_cross, nicolae_overflow_hidden_temple, temple_statues,
          nicolae_goblin_pals, uniq_pikel, uniq_sigmund, uniq_duvessa
D:5:      layout_basic, amethyst_overflow_temple_binary, nicolae_elemental_shop,
          minmay_tree_intersection, uniq_menkaure
D:6:      layout_basic, serial_shops, shop, bh_walls_and_bars, uniq_grinder,
          uniq_maggie
D:7:      layout_layer_cave, tso_metal_star, kennysheep_donut
D:8:      minmay_the_grid_octo_tiled_octocenter
          [minmay_the_grid_octo_checkerflower, minmay_the_grid_octo_chip,
          minmay_the_grid_octo_vomiting_pacman, minmay_the_grid_octo_77,
          minmay_the_grid_octo_prize_square_snowflake,
          minmay_the_grid_square_5x5_tie, minmay_the_grid_square_5x5_n,
          minmay_the_grid_square_5x5_n_small, minmay_the_grid_square_5x5_forky],
          layout_rooms, nicolae_shop_self_help, uniq_joseph, uniq_erica,
          uniq_grum
D:9:      layout_basic, minmay_lair_entry_grove
D:10:     layout_roguey, nicolae_dithmenos_shadow_blocks, enter_trove_3,
          uniq_maurice, uniq_josephine, uniq_psyche
D:11:     layout_basic, minmay_misc_feat_five
Temple:   nicolae_temple_two_arcs
Lair:1:   layout_small_grid, nicolae_quartered_pool_medium,
          infiniplex_staircase_pool, grunt_megastairs_4
Lair:2:   layout_loops_ring, nicolae_spider_entry_orb_guardian
Lair:3:   layout_hall_layers, skrybe_swamp_entry_bodies, serial_bayou_shore_b
Lair:4:   layout_cave_pods
Lair:5:   grunt_lair_end_beastmaster, layout_layer_cave,
          nicolae_slime_entry_slimehenge, dreamdust_deal_with_the_devil
Swamp:1:  layout_basic_swamp, hangedman_swamp_ruin_hall
Orc:1:    layout_caves, serial_shops, nicolae_shop_hallway_stairs
Orc:2:    st_orc_rangers, layout_caves, serial_shops, shop

Skill      XL: |  1  2  3  4  5  6  7  8  9 10 11 12 13 14 |
---------------+-------------------------------------------+-----
Fighting       | 3 4 5 7 9 11 | 11.0
Invocations    | 1 5 11 12 14 | 14.6
Staves         | 1 5 |  5.0
Air Magic      | 2 3 5 7 9 |  9.0
Spellcasting   | 4 5 7 |  7.0
Conjurations   | 2 4 |  4.0
Earth Magic    | 2 4 |  4.0
Dodging        | 5 7 |  7.6
Long Blades    | 8 9 |  9.0
Evocations     | 7 |  7.0
Throwing       | |  1.7

Action                     |  1- 3 |  4- 6 |  7- 9 | 10-12 | 13-15 || total
---------------------------+-------+-------+-------+-------+-------++-------
  Melee: Long sword        |    73 |   146 |     7 |       |       ||   226
         Headbutt          |       |    23 |    55 |   144 |   109 ||   331
         Staff             |       |       |   111 |       |       ||   111
         Falchion          |       |       |    75 |   161 |       ||   236
         Punch             |       |       |     3 |     3 |       ||     6
         Triple sword      |       |       |       |   326 |   288 ||   614
         Unarmed           |       |       |       |     3 |       ||     3
  Throw: Throwing net      |     3 |     1 |       |       |       ||     4
         Stone             |     9 |    29 |       |       |       ||    38
         Javelin           |       |     5 |       |       |       ||     5
         Boomerang         |       |       |     7 |       |       ||     7
   Cast: Sandblast         |       |       |    21 |    17 |       ||    38
         Blink             |       |       |       |     1 |       ||     1
         Airstrike         |       |       |       |    12 |    14 ||    26
 Invoke: Banish            |       |     1 |     6 |    13 |     8 ||    28
    Use: Scroll            |       |       |     9 |    17 |     3 ||    29
         Potion            |       |       |       |     7 |     1 ||     8
   Stab: Sleeping          |     1 |       |     3 |     3 |     3 ||    10
         Distracted        |       |       |       |       |     1 ||     1
 Armour: Leather armour    |    22 |    52 |    69 |   202 |   141 ||   486
         Robe              |       |       |       |     8 |       ||     8
         Skin              |       |       |       |     6 |       ||     6
  Dodge: Dodged            |    56 |    49 |   106 |   483 |   355 ||  1049
  Block: Other             |       |    38 |    37 |   154 |   107 ||   336
         Reflection        |       |     3 |     1 |    15 |     2 ||    21
